AoeStats
← power_horse2000

Hideout

503364793Analyzed
3v3 RM · 1mo ago on Aug 31, 2026· 65m 11s· 6 players
Game mode
Random Map
Map size
Normal (6 player)
Population
200
Speed
Normal
Resources
Standard
Victory
Conquest
Starting age
Dark Age
Ending age
Imperial Age
RankedLock teamsTeams togetherTeam positionsShared explorationLock speedFull tech treeHidden civsTurbo modeCheats
Victory
Defeat
🇪🇸 Romans · Spain
817
+12
🇪🇸 Maya · Spain
766
+15
🇪🇸 Britons · Spain
633
+21
🇪🇸 Armenians · Spain
796
-19
🇦🇪 Bohemians · United Arab Emirates
784
-18
🇨🇳 Khmer · China
635
-11
power_horse2000
0:53 Loom
11:34 Feudal Age
13:09 Double-Bit Axe
13:07 Horse Collar
20:59 Castle Age
19:26 Fletching
19:36 Padded Archer Armor
19:23 Man-at-Arms
25:32 Bow Saw
24:51 Crossbowman
26:16 Forging
26:07 Scale Mail Armor
28:10 Chemistry
33:10 Town Watch
35:13 Heavy Plow
37:50 Wheelbarrow
41:17 Imperial Age
38:48 Light Cavalry
39:38 Scale Barding Armor
39:37 Husbandry
42:05 Ballistics
60:23 Chain Barding Armor
61:27 Iron Casting
kikekalimar
10:47 Feudal Age
12:24 Wheelbarrow
11:37 Double-Bit Axe
11:43 Gold Mining
13:56 Man-at-Arms
14:53 Long Swordsman
16:54 Horse Collar
16:41 Pikeman
17:56 Stone Mining
20:44 Loom
22:46 Forging
22:36 Scale Mail Armor
26:05 Castle Age
26:34 Fletching
26:44 Padded Archer Armor
29:17 Elite Skirmisher
孙笑川
11:42 Feudal Age
12:27 Horse Collar
12:34 Double-Bit Axe
20:23 Castle Age
21:13 Heavy Plow
21:24 Bow Saw
21:34 Gold Mining
21:35 Stone Mining
24:30 Wheelbarrow
26:20 Caravan
26:46 Caravan
30:51 Gold Shaft Mining
32:59 Imperial Age
31:16 Stone Shaft Mining
31:02 Masonry
32:09 Hand Cart
32:21 Hand Cart
33:42 Ballistics
33:23 Murder Holes
33:39 Fortified Wall
34:29 Crop Rotation
35:12 Chemistry
38:45 Architecture
38:21 Siege Engineers
38:32 Forging
38:24 Scale Mail Armor
38:29 Scale Barding Armor
38:25 Padded Archer Armor
38:15 Fletching
40:25 Iron Casting
39:38 Town Watch
40:38 Capped Ram
41:49 Elite Ballista Elephant
42:33 Tusk Swords
42:34 Double Crossbow
42:55 Conscription
43:13 Hoardings
45:24 Blast Furnace
44:40 Chain Mail Armor
44:46 Chain Barding Armor
44:41 Leather Archer Armor
44:22 Bodkin Arrow
53:39 Siege Ram
reskius
12:43 Feudal Age
15:36 Double-Bit Axe
18:24 Castle Age
17:12 Horse Collar
19:39 Heavy Plow
24:18 Pikeman
30:56 Town Watch
32:17 Ballistas
33:28 Wheelbarrow
33:16 Gold Mining
39:43 Imperial Age
39:46 Bow Saw
41:45 Husbandry
41:57 Scale Barding Armor
42:42 Heavy Scorpion
45:14 Caravan
45:27 Siege Engineers
49:06 Chemistry
48:27 Ballistics
48:25 Hand Cart
52:46 Forging
52:47 Stone Mining
53:44 Fletching
54:31 Iron Casting
54:34 Town Patrol
56:44 Elite Centurion
56:53 Elite Centurion
58:53 Bloodlines
59:46 Blast Furnace
62:53 Comitatenses
Juanilluss
8:44 Loom
15:57 Feudal Age
20:29 Castle Age
20:39 Eagle Warrior
23:23 Crossbowman
26:45 Double-Bit Axe
28:21 Fletching
38:07 Imperial Age
35:26 Town Watch
36:16 Wheelbarrow
37:50 Bodkin Arrow
37:56 Padded Archer Armor
39:16 Arbalester
40:03 Horse Collar
42:54 Chemistry
46:43 Elite Eagle Warrior
50:15 Bracer
52:38 Leather Archer Armor
52:34 Forging
53:18 Conscription
52:35 Pikeman
55:46 Ballistics
56:04 Iron Casting
ramon_beas21
0:29 Loom
12:37 Feudal Age
20:00 Man-at-Arms
24:28 Castle Age
24:23 Arson
25:43 Long Swordsman
26:46 Crossbowman
27:55 Horse Collar
31:15 Yeomen
31:59 Padded Archer Armor
32:10 Forging
36:24 Iron Casting
36:05 Leather Archer Armor
38:32 Ballistics
38:23 Fortified Wall
38:29 Fletching
40:05 Caravan
48:43 Imperial Age
51:43 Chemistry
51:19 Ring Archer Armor
53:00 Double-Bit Axe
57:16 Pikeman
61:52 Halberdier
Connection lost

Rejoining the realm…

Still unreachable

The connection could not be restored.

Session expired

The server has moved on; the page needs a fresh start.